 Dungeon Sprint DCSS version 0.30-a0-883-g5ad918d77d (webtiles) character file.

Game seed: 13943498382578294110

938 BigDaddyOpFi the Cleaver (level 8, -24/82 HPs)
             Began as a Hill Orc Berserker on Mar 17, 2023.
             Was an Elder of Trog.
             Shot with a bolt by a yaktaur captain (35 damage)
             ... in the Dungeon (Sprint II: "The Violet Keep of Menkaure").
             The game lasted 00:02:25 (1282 turns).

BigDaddyOpFi the Cleaver (Hill Orc Berserker)       Turns: 1282, Time: 00:02:27

Health: -24/82     AC: 14    Str: 22    XL:     8   Next: 12%
Magic:  8/8        EV:  8    Int:  7    God:    Trog [****..]
Gold:   175        SH:  3    Dex: 10    Spells: 7/7 levels left

rFire   . . .      SeeInvis .    a - +0 hand axe
rCold   . . .      Faith    .    d - +0 buckler
rNeg    . . .      Spirit   .    e - +0 plate armour
rPois   .          Reflect  .    (no helmet)
rElec   .          Rampage  .    (no cloak)
rCorr   .          NoTele   +    (no gloves)
Will    .....                    (no boots) Stlth
                                 (no amulet)
HPRegen 0.33/turn                (no ring)
MPRegen 0.11/turn                (no ring)

@: no status effects
A: no striking features
a: Renounce Religion, Berserk, Trog's Hand, Brothers in Arms


You were in the Dungeon.
You worshipped Trog.
Trog was greatly pleased with you.
You visited 1 branch You collected 972 gold pieces.
You spent 797 gold pieces at shops.

Inventory:

Hand Weapons
 a - a +0 hand axe (weapon)
Armour
 d - a +0 buckler (worn)
 e - a +0 plate armour (worn)
Scrolls
 h - a scroll of blinking
Potions
 f - 2 potions of magic
 g - a potion of berserk rage


   Skills:
 + Level 11.0 Fighting
 + Level 11.9 Axes
 + Level 9.8 Armour
 + Level 7.4 Dodging


You had 7 spell levels left.
You didn't know any spells.
Your spell library was empty.

Dungeon Overview and Level Annotations

Branches:
Dungeon (1/1)

Altars:

Shops:
D ==::[![=*?!!=(*

Annotations:
D exclusion: oklob plant, Kirke, Roxanne


Message History

You start removing your armour.
You continue taking off your +0 animal skin. x4
You finish taking off your +0 animal skin.
You start putting on your armour.
You continue putting on your +0 plate armour. x5
You finish putting on your +0 plate armour.
You drop a +0 animal skin.
There is an entrance to Douschae's Jewellery Shop here.
There is an entrance to Settosh's Book Shop here.
There is an entrance to Batuydam's Jewellery Boutique here.
There is an entrance to Settosh's Book Shop here.
You open the door.
There is an open door here.
You enter the shallow water.
Moving in this stuff is going to be slow.
You close the door.
You see here a water moccasin skeleton.
Kirke and a yaktaur captain come into view.
The yaktaur captain shouts!
The yaktaur captain wields a +0 arbalest.
The yaktaur captain shoots a bolt.
The bolt closely misses you.
Kirke moves out of view.
You hear a shout!
A shining eye comes into view.
A centaur warrior and a skeletal warrior come into view.
The skeletal warrior is wielding a +2 trident of venom.
The centaur warrior shouts!
The yaktaur captain shoots a bolt.
The bolt hits you!!
The shining eye moves out of view.
A kobold demonologist comes into view. It is wielding a +0 dagger.
Marking area around Roxanne as unsafe for travelling.
The yaktaur captain shoots a bolt.
The bolt hits you!!
* * * LOW HITPOINT WARNING * * *
As you open the door, it creaks loudly!
You hear a croak.
The yaktaur captain shoots a bolt.
The bolt hits you!
* * * LOW HITPOINT WARNING * * *
Unknown command.
You feel better.
The blink frog blinks!
The yaktaur captain shoots a bolt.
The bolt hits you!!
You die...

####+#### ##§.~.~~~##
..§.§~~..## # ~§§8~~§~~#
c@#### ~..§.~. Kz.~## ~.~§
##########@~#+++#+++##
#########~~~c........#
∩.......#~~~~.##@##..#
.∩.....∩#~~~~###..## #
∩.....∩.#~~~~#.##§.#
.∩.∩.∩.∩#~~####.#.#### ##
..∩.∩.∩.#~##.###'###.##..#
...∩.∩..#÷##.F##.##†..#..#
....⌠...+~+.##'.<.+.##+..#
........#~##..##.##...#
▓▓▓▓▓▓###~##.###'###.##


You could see Roxanne, Kirke and a yaktaur captain.

Vanquished Creatures
  A merfolk siren (D)
  2 water moccasins (D)
  4 necrophages (D)
  4 scorpions (D)
  3 worms (D)
14 creatures vanquished.

Vanquished Creatures (others)
  Menkaure (D)
1 creature vanquished.

Grand Total: 15 creatures vanquished

Notes
Turn   | Place    | Note
-------+----------+-------------------------------------------
     0 | D        | BigDaddyOpFi the Hill Orc Berserker began the quest for the
                  | Orb.
     0 | D        | Reached XP level 1. HP: 19/19 MP: 1/1
     1 | D        | Noticed a necrophage
     1 | D        | Noticed a necrophage
     1 | D        | Noticed a necrophage
     1 | D        | Noticed a necrophage
     5 | D        | Killed a necrophage
     6 | D        | Reached skill level 5 in Fighting
     6 | D        | Reached XP level 2. HP: 30/30 MP: 2/2
     6 | D        | Reached XP level 3. HP: 37/37 MP: 3/3
     6 | D        | Reached XP level 4. HP: 44/44 MP: 4/4
    10 | D        | Killed a necrophage
    11 | D        | Reached skill level 5 in Armour
    11 | D        | Reached XP level 5. HP: 51/51 MP: 5/5
    14 | D        | Reached ** piety under Trog
    18 | D        | Reached skill level 5 in Dodging
    18 | D        | Reached XP level 6. HP: 59/61 MP: 6/6
    42 | D        | Killed Menkaure
    71 | D        | Noticed a water moccasin
    78 | D        | Killed a water moccasin
   155 | D        | Noticed a merfolk siren
   174 | D        | Killed a merfolk siren
   174 | D        | Reached *** piety under Trog
   175 | D        | Reached skill level 10 in Fighting
   175 | D        | Reached skill level 10 in Axes
   175 | D        | Reached XP level 7. HP: 35/72 MP: 7/7
   454 | D        | Reached **** piety under Trog
   706 | D        | Noticed a flying skull
   706 | D        | Noticed a flying skull
   706 | D        | Noticed a flying skull
   706 | D        | Noticed a flying skull
   706 | D        | Noticed a flying skull
   706 | D        | Noticed a flying skull
   706 | D        | Noticed a flying skull
   706 | D        | Noticed a flying skull
   707 | D        | Noticed a flying skull
   707 | D        | Noticed a flying skull
   708 | D        | Noticed a flying skull
   711 | D        | Found Esied's Distillery.
   711 | D        | Found Deocw's Jewellery Shop.
   712 | D        | Found Zayhin's General Store.
   712 | D        | Found Vestunej's Magic Scroll Boutique.
   713 | D        | Found Wojures's Jewellery Boutique.
   713 | D        | Found Xuntiast's General Store.
   713 | D        | Found Vyrugg's Antique Armour Shop.
   714 | D        | Found Nirid's Distillery.
   714 | D        | Found Goffud's Antique Weapon Boutique.
   717 | D        | Noticed a blink frog
  1009 | D        | Found Okausmub's Distillery.
  1013 | D        | Noticed an iron elemental
  1025 | D        | Reached XP level 8. HP: 81/82 MP: 8/8
  1202 | D        | Found Gavaram's Antique Armour Boutique.
  1202 | D        | Found Settosh's Book Shop.
  1202 | D        | Noticed an oklob plant
  1203 | D        | Found Douschae's Jewellery Shop.
  1203 | D        | Found Zuadonk's Book Shoppe.
  1203 | D        | Found Batuydam's Jewellery Boutique.
  1233 | D        | Noticed a great orb of eyes
  1236 | D        | Bought a buckler for 130 gold pieces
  1236 | D        | Bought a plate armour for 667 gold pieces
  1275 | D        | Noticed Kirke
  1275 | D        | Noticed a yaktaur captain
  1276 | D        | Noticed a shining eye
  1276 | D        | Noticed a centaur warrior
  1276 | D        | Noticed a skeletal warrior
  1277 | D        | Noticed a kobold demonologist
  1278 | D        | Identified Roxanne's Grimoire of Composition
  1278 | D        | Noticed Roxanne
  1280 | D        | HP: 2/82 [yaktaur captain/bolt (17)]
  1282 | D        | Shot with a bolt by a yaktaur captain

Illustrated notes

Levels and vault maps discovered:
D:        the_violet_keep_of_menkaure [sprint2_stairs_cluster_1,
          sprint2_shoproom, sprint2_temple, sprint2_basic_supplies,
          sprint2_obstacle_1, sprint2_obstacle_5, sprint2_obstacle_6,
          sprint2_obstacle_3, sprint2_obstacle_7, sprint2_timed_cluster_1,
          sprint2_smallroom_cluster_1, sprint2_smallroom_final_cluster_1,
          sprint2_transparent_cluster_1, sprint2_second_timed_cluster_1,
          sprint2_sniper_area_1, sprint2_heavy_combat_area_1,
          sprint2_mutation_trap_area_1, sprint2_forest_area_1,
          sprint2_light_combat_area_1, sprint2_behind_water_1,
          sprint2_near_end_vault_1]

Skill      XL: |  1  2  3  4  5  6  7 |
---------------+----------------------+-----
Fighting       | 5 6 8 10 11 | 11.0
Axes           | 6 7 8 10 11 | 11.9
Armour         | 4 5 6 8 9 |  9.8
Dodging        | 3 4 5 6 7 |  7.4

Action                     |  1- 3 |  4- 6 |  7- 9 || total
---------------------------+-------+-------+-------++-------
  Melee: Hand axe          |     3 |    29 |    29 ||    61
         Punch             |       |       |     2 ||     2
 Invoke: Berserk           |     1 |     2 |     4 ||     7
    Use: Potion            |       |     2 |     1 ||     3
 Armour: Animal skin       |       |     1 |     1 ||     2
  Dodge: Dodged            |       |    11 |    17 ||    28

Table legend: (Time is in decaauts)
 A = Elapsed time spent in this place.
 B = Non-inter-level travel time spent in this place.
 C = Inter-level travel time spent in this place.
 D = Time resting spent in this place.
 E = Time spent auto-exploring this place.
 F = Levels seen in this place.
 G = Mean time per level.
                   A        B        C        D        E       F      G
               +--------+--------+--------+--------+--------+-----+--------+
         Total |   1327 |   1327 |      0 |   1085 |      0 |   1 | 1327.0 |
       Dungeon |   1327 |   1327 |      0 |   1085 |      0 |   1 | 1327.0 |
               +--------+--------+--------+--------+--------+-----+--------+

Top non-repeatable levels by time:
       D: 1327 daAuts
